 Dungeon Crawl Stone Soup version 0.15-a0-877-g2926600 (webtiles) character file.

170 PolkaDot the Vexing (level 5, 0/35 HPs)
             Began as a Vampire Enchanter on May 17, 2014.
             Killed from afar by Natasha (7 damage)
             ... with a magic dart
             ... on Level 4 of the Dungeon.
             The game lasted 00:16:31 (3076 turns).

PolkaDot the Vexing (Vampire Enchanter)             Turns: 3076, Time: 00:16:31

HP   0/35        AC  5     Str  7      XL: 5   Next: 25%
MP   3/9         EV 11     Int 17      God:
Gold 76          SH  7     Dex 15      Spells:  3 memorised,  2 levels left

rFire  . . .     SeeInvis +     a - +1,+2 dagger
rCold  + + .     Clarity  .     b - +1 robe
rNeg   + + +     Conserve +     r - +0 buckler
rPois  +         rCorr    .     j - +0 helmet
rElec  .         rRot     +     (no cloak)
SustAb .         Spirit   .     n - +0 pair of gloves
rMut   .         Warding  .     (no boots)
Gourm  .         Stasis   .     k - amulet of conservation
MR     .....                    g - ring of stealth
                                (no ring)

@: non-regenerating, very slightly contaminated, not resistant to hostile
enchantments, stealthy
A: fangs 3, see invisible, unbreathing
a: Bat Form


You were on level 4 of the Dungeon.
You were bloodless.

You visited 1 branch of the dungeon, and saw 4 of its levels.

You collected 76 gold pieces.

Inventory:

Hand weapons
 a - a +1,+2 dagger (weapon)
Missiles
 d - 11 darts (quivered)
Armour
 b - a +1 robe (worn)
 j - a +0 helmet (worn)
 n - a +0 pair of gloves (worn)
 r - a +0 buckler (worn)
Scrolls
 h - 6 scrolls of identify
 p - a scroll of recharging {unknown}
Jewellery
 g - a ring of stealth (right hand)
 k - an amulet of conservation (around neck)
 l - an uncursed ring of teleportation
Potions
 e - a potion of poison {unknown}
 f - 3 potions of flight
 i - a potion of curing {unknown}
 m - a potion of resistance {unknown}
 o - a potion of confusion {unknown}
 q - a potion of heal wounds {unknown}
Books
 c - a book of Maledictions

   Spells                             Type                      Level
   *Corona                            Hexes                        1
   Sure Blade                         Hexes/Charms                 2
   *Ensorcelled Hibernation           Hexes/Ice                    2
   *Confuse                           Hexes                        3
   Dazzling Spray                     Conjuration/Hexes            3
   Enslavement                        Hexes                        4


   Skills:
 + Level 2.9 Short Blades
 - Level 1.0 Throwing
 - Level 2.1 Dodging
 + Level 4.8 Stealth
 - Level 2.0 Spellcasting
 * Level 6.8 Hexes


You had 2 spell levels left.
You knew the following spells:

 Your Spells              Type           Power        Failure   Level  Hunger
a - Corona                Hex            ####...      1%          1    #......
c - Confuse               Hex            ####....     6%          3    ####...
d - Ensorcelled Hibernat  Hex/Ice        ##....       12%         2    ###....


Dungeon Overview and Level Annotations

Branches:
Dungeon (4/15)
 Temple: D:4-7

Altars:

Annotations:
D:4 Natasha


Innate Abilities, Weirdness & Mutations

You do not heal naturally.
You have razor-sharp teeth.*
You have supernaturally acute eyesight.
You can survive without breathing.*


Message History

Aiming: Ensorcelled Hibernation
Press: ? - help, Shift-Dir - straight line, f/p - Natasha
Aim: Natasha You miscast Ensorcelled Hibernation.
You are very lightly contaminated with residual magic.
Multicoloured lights dance before your eyes!
The shadow imp hits you.
* * * LOW HITPOINT WARNING * * *
Natasha completely misses you.
Casting: Ensorcelled Hibernation
Confirm with . or Enter, or press ? or * to list all spells.
Aiming: Ensorcelled Hibernation
Press: ? - help, Shift-Dir - straight line, f/p - Natasha
Aim: Natasha Natasha resists.
* * * LOW MAGIC WARNING * * *
The shadow imp closely misses you. Natasha casts a spell at you.
The magic dart hits you!
You die...

#.......## #........#
#.....## #.##.###.#
.###...## #.##.# #.#
...).+..#####.##.###.#
..................%..#
#...........####.#####
#.#.#.#.###.# #.#
#.....# #.# #.#
#....@# #.# #.#
.......5h# #.# #.#
........# #.. ..#
.....##.# ### ###
....# ..# ..# ### #


You could see Natasha and a shadow imp.

Vanquished Creatures
  An orc priest (D:3)
  4 adders (D:2)
  2 giant mites (D:1)
  2 worms
  2 giant geckos
  An ooze (D:1)
  9 orcs (D:3)
  A ball python (D:3)
  8 bats
  4 giant cockroaches
  9 hobgoblins
  A giant newt (D:3)
  10 goblins
  9 kobolds
  10 rats
73 creatures vanquished.

Vanquished Creatures (others)
  A bat (D:4)
1 creature vanquished.

Grand Total: 74 creatures vanquished

Notes
Turn   | Place    | Note
--------------------------------------------------------------
     0 | D:1      | PolkaDot, the Vampire Enchanter, began the quest for the Orb.
     0 | D:1      | Reached XP level 1. HP: 13/13 MP: 3/3
   276 | D:1      | Reached skill level 5 in Hexes
   431 | D:1      | Reached XP level 2. HP: 19/19 MP: 4/4
   633 | D:1      | Reached XP level 3. HP: 24/24 MP: 4/6
   638 | D:1      | Learned a level 3 spell: Confuse
   641 | D:1      | Learned a level 2 spell: Ensorcelled Hibernation
   648 | D:1      | Reached skill level 1 in Throwing
  1559 | D:2      | Reached skill level 6 in Hexes
  1559 | D:2      | Reached XP level 4. HP: 21/30 MP: 2/7
  2362 | D:3      | Reached XP level 5. HP: 35/35 MP: 6/9
  2984 | D:4      | Noticed an ogre
  3070 | D:4      | Noticed Natasha
  3076 | D:4      | Killed from afar by Natasha

Action                   |  1- 3 |  4- 6 || total
-------------------------+-------+-------++-------
Melee: Dagger            |    93 |    79 ||   172
Throw: Dart              |     9 |       ||     9
 Cast: Corona            |    15 |       ||    15
       Ensorcelled Hiber |    11 |    24 ||    35
  Use: Scroll            |       |     8 ||     8
 Stab: Sleeping          |    14 |    21 ||    35
